MWL (24 & UNDER)
BARRY'S BAY ORIOLES @ GRIM REAPERS
08/08/2029
 
TOP OF THE 1ST
Barry's Bay Orioles batting - Pitching for Grim Reapers : RHP Danny Clayton
Pitching: RHP Danny Clayton
Batting: LHB Ryan Rheaume 0-0: Swinging Strike
0-1: Ball
1-1: Foul Ball, location: 2F
1-2: Strikes out swinging
Batting: LHB Lúcio Gómez 0-0: Ball
1-0: Ball
2-0: Ball
3-0: Base on Balls
Batting: RHB Jim Martin 0-0: Foul Ball, location: 2F
0-1: Swinging Strike
0-2: Ball
1-2: Foul Ball, location: 2F
1-2: Strikes out swinging
Batting: LHB Greg Sharpe 0-0: Ball
1-0: SINGLE (Groundball, 56D)
Lúcio Gómez to second
Batting: RHB River Cunningham 0-0: Ball
1-0: Ball
2-0: Ball
3-0: Base on Balls
Lúcio Gómez to third
Greg Sharpe to second
Batting: RHB Lynn Johnson 0-0: Called Strike
0-1: Fielders Choice at 2nd, 6-4 (Groundball, 6)
Top of the 1st over - 0 runs, 1 hit, 0 errors, 3 left on base; Barry's Bay 0 - Grim 0
BOTTOM OF THE 1ST
Grim Reapers batting - Pitching for Barry's Bay Orioles : RHP José García
Pitching: RHP José García
Batting: RHB Sandro Hernández 0-0: Called Strike
0-1: Foul Ball, location: 2F
0-2: Ball
1-2: Foul Ball, location: 2F
1-2: Ball
2-2: Strikes out looking
Batting: RHB Pedro López 0-0: Ball
1-0: Ground out 6-3 (Groundball, 6)
Batting: RHB Justin Geoghegan 0-0: Ball
1-0: Foul Ball, location: 2F
1-1: Foul Ball, location: 2F
1-2: Foul Ball, location: 2F
1-2: Ball
2-2: Strikes out looking
Bottom of the 1st over - 0 runs, 0 hits, 0 errors, 0 left on base; Barry's Bay 0 - Grim 0
TOP OF THE 2ND
Barry's Bay Orioles batting - Pitching for Grim Reapers : RHP Danny Clayton
Batting: LHB Joe Vásquez 0-0: Ball
1-0: Called Strike
1-1: Swinging Strike
1-2: Foul Ball, location: 2F
1-2: SINGLE (Line Drive, 9S)
Batting: RHB Jason Cook 0-0: Called Strike
0-1: Foul Ball, location: 2F
0-2: Strikes out looking
Batting: RHB Octávio Aldeguer 0-0: Ball
1-0: Swinging Strike
1-1: SINGLE (Groundball, 5) (infield hit)
Joe Vásquez to second
Batting: LHB Ryan Rheaume 0-0: Ball
1-0: Fly out, F7 (Flyball, 7)
Batting: LHB Lúcio Gómez 0-0: Called Strike
0-1: Ball
1-1: Reached on error, E3 (Groundball, 34)
Joe Vásquez to third
Octávio Aldeguer to second
Batting: RHB Jim Martin 0-0: Called Strike
0-1: Ball
1-1: Ball
2-1: Foul Ball, location: 2F
2-2: Foul Ball, location: 2F
2-2: Foul Ball, location: 2F
2-2: Foul Ball, location: 2F
2-2: Ground out 5-3 (Groundball, 56S)
Top of the 2nd over - 0 runs, 2 hits, 1 error, 3 left on base; Barry's Bay 0 - Grim 0
BOTTOM OF THE 2ND
Grim Reapers batting - Pitching for Barry's Bay Orioles : RHP José García
Batting: RHB Juan Ortega 0-0: Foul Ball, location: 2F
0-1: Ball
1-1: Foul Ball, location: 2F
1-2: Ball
2-2: Fly out, F7 (Flyball, 7D)
Batting: RHB Joel Hebert 0-0: Called Strike
0-1: Foul Ball, location: 2F
0-2: Ball
1-2: Foul Ball, location: 2F
1-2: Strikes out swinging
Batting: RHB Roberto Villela 0-0: Called Strike
0-1: Fly out, F9 (Flyball, 9LS)
Bottom of the 2nd over - 0 runs, 0 hits, 0 errors, 0 left on base; Barry's Bay 0 - Grim 0
TOP OF THE 3RD
Barry's Bay Orioles batting - Pitching for Grim Reapers : RHP Danny Clayton
Batting: LHB Greg Sharpe 0-0: Called Strike
0-1: Swinging Strike
0-2: Ball
1-2: Strikes out swinging
Batting: RHB River Cunningham 0-0: Ball
1-0: Foul Ball, location: 2F
1-1: Called Strike
1-2: Strikes out swinging
Batting: RHB Lynn Johnson 0-0: Foul Ball, location: 2F
0-1: Called Strike
0-2: Ball
1-2: Strikes out looking
Top of the 3rd over - 0 runs, 0 hits, 0 errors, 0 left on base; Barry's Bay 0 - Grim 0
BOTTOM OF THE 3RD
Grim Reapers batting - Pitching for Barry's Bay Orioles : RHP José García
Batting: SHB Frank Grant 0-0: Swinging Strike
0-1: Swinging Strike
0-2: Foul Ball, location: 2F
0-2: Ball
1-2: Foul Ball, location: 2F
1-2: Ball
2-2: Strikes out looking
Batting: RHB Júlio Núñez 0-0: Ground out 6-3 (Groundball, 6)
Batting: RHB Domingo Salinas 0-0: Called Strike
0-1: Swinging Strike
0-2: Ball
1-2: Strikes out swinging
Bottom of the 3rd over - 0 runs, 0 hits, 0 errors, 0 left on base; Barry's Bay 0 - Grim 0
TOP OF THE 4TH
Barry's Bay Orioles batting - Pitching for Grim Reapers : RHP Danny Clayton
Batting: LHB Joe Vásquez 0-0: Ball
1-0: Ball
2-0: Ball
3-0: Base on Balls
Batting: RHB Jason Cook 0-0: Ball
1-0: Ball
2-0: Ball
3-0: Base on Balls
Joe Vásquez to second
Batting: RHB Octávio Aldeguer 0-0: Fielders Choice at 2nd, 4-6 (Groundball, 34)
Joe Vásquez to third
Batting: LHB Ryan Rheaume 0-0: Called Strike
0-1: Called Strike
0-2: Ball
1-2: Ball
2-2: Ball
3-2: Base on Balls
Octávio Aldeguer to second
Batting: LHB Lúcio Gómez 0-0: Ball
1-0: Foul Ball, location: 2F
1-1: Ball
2-1: SINGLE (Groundball, 23) (infield hit)
Joe Vásquez scores
Octávio Aldeguer to third
Ryan Rheaume to second
Batting: RHB Jim Martin 0-0: Ball
1-0: Swinging Strike
1-1: Ball
2-1: Called Strike
2-2: SINGLE (Groundball, 34D)
Octávio Aldeguer scores
Ryan Rheaume to third
Lúcio Gómez to second
Runner from 3rd tries for Home, SAFE, throw made home
Batting: LHB Greg Sharpe 0-0: SINGLE (Flyball, 9LM)
Lúcio Gómez to third
Jim Martin to second
Batting: RHB River Cunningham 0-0: Ball
1-0: Foul Ball, location: 2F
1-1: Ball
2-1: Called Strike
2-2: Strikes out swinging
Batting: RHB Lynn Johnson 0-0: Called Strike
0-1: Ball
1-1: Foul Ball, location: 2F
1-2: SINGLE (Groundball, 6MD)
Lúcio Gómez scores
Jim Martin to third
Greg Sharpe to second
Runner from 3rd tries for Home, SAFE, no throw
Batting: LHB Joe Vásquez 0-0: Ball
1-0: Called Strike
1-1: Called Strike
1-2: Ball
2-2: Ball
3-2: Strikes out swinging
Top of the 4th over - 5 runs, 4 hits, 0 errors, 2 left on base; Barry's Bay 5 - Grim 0
BOTTOM OF THE 4TH
Grim Reapers batting - Pitching for Barry's Bay Orioles : RHP José García
Batting: RHB Sandro Hernández 0-0: Ball
1-0: Ball
2-0: Ball
3-0: Called Strike
3-1: DOUBLE (Line Drive, 7LM)
Batting: RHB Pedro López 0-0: Ball
1-0: Foul Ball, location: 2F
1-1: Ball
2-1: DOUBLE (Line Drive, 78D)
Sandro Hernández scores
Batting: RHB Justin Geoghegan 0-0: Foul Ball, location: 2F
0-1: Ball
1-1: Called Strike
1-2: Ball
2-2: Strikes out looking
Batting: RHB Juan Ortega 0-0: Foul Ball, location: 2F
0-1: Foul Ball, location: 2F
0-2: DOUBLE (Flyball, 89D)
Pedro López scores
Batting: RHB Joel Hebert 0-0: Ball
1-0: Foul Ball, location: 2F
1-1: Ball
2-1: Called Strike
2-2: Foul Ball, location: 2F
2-2: DOUBLE (Line Drive, 8LD)
Juan Ortega scores
Batting: RHB Roberto Villela 0-0: Foul Ball, location: 2F
0-1: Ball
1-1: Foul Ball, location: 2F
1-2: Fly out, F6 (Popup, 15S)
Batting: SHB Frank Grant 0-0: Foul Ball, location: 2F
0-1: Foul Ball, location: 2F
0-2: Ball
1-2: Ground out 4-3 (Groundball, 4)
Bottom of the 4th over - 3 runs, 4 hits, 0 errors, 1 left on base; Barry's Bay 5 - Grim 3
TOP OF THE 5TH
Barry's Bay Orioles batting - Pitching for Grim Reapers : RHP Danny Clayton
Pitching: RHP Dan Ramsey
Batting: RHB Jason Cook 0-0: Called Strike
0-1: Ball
1-1: Swinging Strike
1-2: Strikes out swinging
Batting: RHB Octávio Aldeguer 0-0: Called Strike
0-1: Ball
1-1: Ball
2-1: Called Strike
2-2: Ball
3-2: Strikes out swinging
Batting: LHB Ryan Rheaume 0-0: Ball
1-0: SINGLE (Groundball, 4MD)
Batting: LHB Lúcio Gómez 0-0: Ball
Ryan Rheaume steals 2nd base
1-0: Ground out 4-3 (Groundball, 4)
Top of the 5th over - 0 runs, 1 hit, 0 errors, 1 left on base; Barry's Bay 5 - Grim 3
BOTTOM OF THE 5TH
Grim Reapers batting - Pitching for Barry's Bay Orioles : RHP José García
Batting: RHB Júlio Núñez 0-0: Ball
1-0: Ground out 5-3 (Groundball, 56)
Batting: RHB Domingo Salinas 0-0: Called Strike
0-1: SINGLE (Line Drive, 6D)
Batting: RHB Sandro Hernández 0-0: Ball
1-0: Called Strike
1-1: Ball
2-1: SINGLE (Line Drive, 7)
Domingo Salinas to second
Batting: RHB Pedro López 0-0: Ball
1-0: Reached on error, E1 (Groundball, P)
Domingo Salinas to third
Sandro Hernández to second
Batting: RHB Justin Geoghegan 0-0: Called Strike
0-1: SINGLE (Line Drive, 56D)
Domingo Salinas scores
Sandro Hernández to third
Pedro López to second
Runner from 3rd tries for Home, SAFE, no throw
Batting: RHB Juan Ortega 0-0: Ball
1-0: Ball
Wild Pitch!
Pedro López to third
Justin Geoghegan to second
2-0: Fly out, F4 (Popup, 34S)
Batting: RHB Joel Hebert 0-0: Ball
1-0: Ball
2-0: Called Strike
2-1: Ball
3-1: Fly out, F4 (Popup, 34S)
Bottom of the 5th over - 2 runs, 3 hits, 1 error, 2 left on base; Barry's Bay 5 - Grim 5
TOP OF THE 6TH
Barry's Bay Orioles batting - Pitching for Grim Reapers : RHP Dan Ramsey
Batting: RHB Jim Martin 0-0: Ball
1-0: Swinging Strike
1-1: Fly out, F4 (Line Drive, 4)
Batting: LHB Greg Sharpe 0-0: Foul Ball, location: 2F
0-1: Foul Ball, location: 2F
0-2: Strikes out swinging
Batting: RHB River Cunningham 0-0: Ball
1-0: Foul Ball, location: 2F
1-1: Foul Ball, location: 2F
1-2: Ball
2-2: Ball
3-2: Foul Ball, location: 2F
3-2: Foul Ball, location: 2F
3-2: Foul Ball, location: 2F
3-2: Strikes out swinging
Top of the 6th over - 0 runs, 0 hits, 0 errors, 0 left on base; Barry's Bay 5 - Grim 5
BOTTOM OF THE 6TH
Grim Reapers batting - Pitching for Barry's Bay Orioles : RHP José García
Pitching: RHP Jorge Martínez
Batting: RHB Roberto Villela 0-0: Ball
1-0: Called Strike
1-1: Ball
2-1: Foul Ball, location: 2F
2-2: Ball
3-2: Base on Balls
Batting: SHB Frank Grant 0-0: Called Strike
0-1: Called Strike
0-2: Ball
1-2: Ball
2-2: Foul Ball, location: 2F
2-2: Strikes out swinging
Batting: RHB Júlio Núñez 0-0: Called Strike
0-1: Swinging Strike
0-2: Strikes out swinging
Batting: RHB Domingo Salinas 0-0: Ball
1-0: Foul Ball, location: 2F
1-1: Ball
2-1: Called Strike
2-2: Ball
Roberto Villela is caught stealing 2nd base
Bottom of the 6th over - 0 runs, 0 hits, 0 errors, 0 left on base; Barry's Bay 5 - Grim 5
TOP OF THE 7TH
Barry's Bay Orioles batting - Pitching for Grim Reapers : RHP Dan Ramsey
Batting: RHB Lynn Johnson 0-0: Swinging Strike
0-1: Foul Ball, location: 2F
0-2: Strikes out swinging
Batting: LHB Joe Vásquez 0-0: Swinging Strike
0-1: Ball
1-1: Fly out, F8 (Line Drive, 89XD)
Batting: RHB Jason Cook 0-0: Called Strike
0-1: Fly out, F7 (Flyball, 7LSF)
Top of the 7th over - 0 runs, 0 hits, 0 errors, 0 left on base; Barry's Bay 5 - Grim 5
BOTTOM OF THE 7TH
Grim Reapers batting - Pitching for Barry's Bay Orioles : RHP Jorge Martínez
Pinch Hitting: LHB Marcos Fontanez 0-0: Called Strike
0-1: SINGLE (Groundball, 34D)
Pinch Runner at 1st José Chávez:
Batting: RHB Sandro Hernández 0-0: Bunted foul
0-1: Ball
1-1: Ball
2-1: Bunted foul
2-2: Ball
3-2: Ground out 5-3 (Groundball, 5L)
José Chávez to second
Pinch Hitting: RHB Esteban Concepción 0-0: DOUBLE (Groundball, 5L)
José Chávez scores
Batting: RHB Justin Geoghegan 0-0: Intentional Walk
Batting: RHB Juan Ortega 0-0: Ball
1-0: Called Strike
1-1: Ball
2-1: Ball
3-1: Called Strike
3-2: Base on Balls
Esteban Concepción to third
Justin Geoghegan to second
Batting: RHB Joel Hebert 0-0: Called Strike
0-1: Ball
1-1: Foul Ball, location: 2F
1-2: Ball
2-2: Ball
3-2: Grounds into double play, 6-2-3 (Groundball, 56)
Bottom of the 7th over - 1 run, 2 hits, 0 errors, 2 left on base; Barry's Bay 5 - Grim 6
TOP OF THE 8TH
Barry's Bay Orioles batting - Pitching for Grim Reapers : RHP Dan Ramsey
Now at 1B: Jesús Pérez
Now in CF: José Chávez
Batting: RHB Octávio Aldeguer 0-0: Ball
1-0: Foul Ball, location: 2F
1-1: SOLO HOME RUN (Flyball, 89XD), Distance : 408 ft
Batting: LHB Ryan Rheaume 0-0: Ball
1-0: Foul Ball, location: 2F
1-1: Fly out, F7 (Flyball, 7S)
Batting: LHB Lúcio Gómez 0-0: Ball
1-0: Ball
2-0: Ball
3-0: Called Strike
3-1: Called Strike
3-2: Foul Ball, location: 2F
3-2: Ground out 3-1 (Groundball, 34)
Batting: RHB Jim Martin 0-0: Called Strike
0-1: Foul Ball, location: 2F
0-2: Foul Ball, location: 2F
0-2: Foul Ball, location: 2F
0-2: Ball
1-2: Ball
2-2: Foul Ball, location: 2F
2-2: Ball
3-2: Strikes out looking
Top of the 8th over - 1 run, 1 hit, 0 errors, 0 left on base; Barry's Bay 6 - Grim 6
BOTTOM OF THE 8TH
Grim Reapers batting - Pitching for Barry's Bay Orioles : RHP Jorge Martínez
Batting: RHB Roberto Villela 0-0: Foul Ball, location: 2F
0-1: Called Strike
0-2: Ball
1-2: Strikes out looking
Batting: SHB Frank Grant 0-0: Ball
1-0: Ball
2-0: Ball
3-0: Base on Balls
Batting: RHB Júlio Núñez 0-0: Called Strike
Frank Grant steals 2nd base
0-1: Ball
1-1: Intentional Walk
Pinch Hitting: SHB Sean Moody 0-0: Foul Ball, location: 2F
0-1: Ball
1-1: Called Strike
1-2: Ball
2-2: Grounds into double play, 6-4-3 (Groundball, 6)
Bottom of the 8th over - 0 runs, 0 hits, 0 errors, 1 left on base; Barry's Bay 6 - Grim 6
TOP OF THE 9TH
Barry's Bay Orioles batting - Pitching for Grim Reapers : RHP Dan Ramsey
Pitching: RHP Paul Turberville
Now in CF: Luis Samaripa
Batting: LHB Greg Sharpe 0-0: Swinging Strike
0-1: Swinging Strike
0-2: Foul Ball, location: 2F
0-2: Ball
1-2: Strikes out swinging
Batting: RHB River Cunningham 0-0: Swinging Strike
0-1: Foul Ball, location: 2F
0-2: Foul Ball, location: 2F
0-2: Ground out 3-1 (Groundball, 34S)
Batting: RHB Lynn Johnson 0-0: Ground out 5-3 (Groundball, 56)
Top of the 9th over - 0 runs, 0 hits, 0 errors, 0 left on base; Barry's Bay 6 - Grim 6
BOTTOM OF THE 9TH
Grim Reapers batting - Pitching for Barry's Bay Orioles : RHP Jorge Martínez
Batting: RHB Sandro Hernández 0-0: Called Strike
0-1: Foul Ball, location: 2F
0-2: Foul Ball, location: 2F
0-2: SINGLE (Groundball, 34D)
Pitching: LHP Mathew Bentley
Batting: RHB Jesús Pérez 0-0: Ball
1-0: Ball
2-0: Foul Ball, location: 2F
2-1: Ball
3-1: Called Strike
3-2: Base on Balls
Sandro Hernández to second
Pinch Runner at 2nd Mario Barker:
Batting: RHB Justin Geoghegan 0-0: Foul Ball, location: 2F
0-1: Swinging Strike
0-2: Ball
1-2: Fly out, F9 (Flyball, 89S)
Lined into DP, 9-6 (Flyball, 89S)
Batting: RHB Juan Ortega 0-0: Fly out, F8 (Flyball, 8RD)
Bottom of the 9th over - 0 runs, 1 hit, 0 errors, 1 left on base; Barry's Bay 6 - Grim 6
TOP OF THE 10TH
Barry's Bay Orioles batting - Pitching for Grim Reapers : RHP Paul Turberville
Now at C: Luis López
Batting: LHB Joe Vásquez 0-0: Ground out 4-3 (Groundball, 4)
Batting: RHB Jason Cook 0-0: Ball
1-0: Called Strike
1-1: Swinging Strike
1-2: Ball
2-2: Ball
3-2: Strikes out swinging
Batting: RHB Octávio Aldeguer 0-0: Ball
1-0: Foul Ball, location: 2F
1-1: Foul Ball, location: 2F
1-2: Foul Ball, location: 2F
1-2: Strikes out swinging
Top of the 10th over - 0 runs, 0 hits, 0 errors, 0 left on base; Barry's Bay 6 - Grim 6
BOTTOM OF THE 10TH
Grim Reapers batting - Pitching for Barry's Bay Orioles : LHP Mathew Bentley
Pitching: RHP Félix González
Batting: RHB Joel Hebert 0-0: Called Strike
0-1: Called Strike
0-2: Foul Ball, location: 2F
0-2: Foul Ball, location: 2F
0-2: Ball
1-2: Ball
2-2: Ball
3-2: Strikes out swinging
Batting: RHB Roberto Villela 0-0: Called Strike
0-1: Swinging Strike
0-2: Foul Ball, location: 2F
0-2: Ball
1-2: SOLO HOME RUN (Flyball, 7LD), Distance : 385 ft
Saturday, December 16th, 2017 - OOTP Baseball 18.8 Build 76